 Dungeon Crawl Stone Soup version 0.27-a0-1140-g099f9bb0e8 (webtiles) character file.

Game seed: 3107087220070376185

1239 HagarQim the Covered (level 8, -4/105 HPs)
             Began as a Minotaur Fighter on May 10, 2021.
             Succumbed to an orc wizard's poison
             ... on level 6 of the Dungeon.
             The game lasted 00:12:58 (5183 turns).

HagarQim the Covered (Minotaur Fighter)             Turns: 5183, Time: 00:12:59

Health: -4/105     AC: 24    Str: 20 (22) XL:     8   Next: 25%
Magic:  7/7        EV:  2    Int:  2 (5)  God:
Gold:   205        SH: 14    Dex:  9 (11) Spells: 7/7 levels left

rFire    + . .     SeeInvis .   e - +1 scimitar (vorpal)
rCold    . . .     Faith    .   q - +0 tower shield
rNeg     + + +     Spirit   .   (armour currently unavailable)
rPois    +         Reflect  .   (helmet currently unavailable)
rElec    .         Harm     .   (cloak currently unavailable)
rCorr    .         Rampage  .   (gloves currently unavailable)
Will     .....     NoTele   +   (boots currently unavailable)
Stlth    ++........             (no amulet)
HPRegen  0.27/turn              i - ring of protection from fire
MPRegen  0.10/turn              u - ring of flight

@: lethally poisoned (-4 -> -50), tree-form, marked, hasted, very quick
A: stationary, stasis, torment immunity, boosted hp, (horns 2), (retaliatory
headbutt)
a: no special abilities


You were on level 6 of the Dungeon.
You were a tree.
You visited 1 branch of the dungeon, and saw 6 of its levels.

You collected 205 gold pieces.

Inventory:

Hand Weapons
 a - a +0 war axe
 e - a +1 vorpal scimitar (weapon)
 h - a +3 dagger
 A - a +0 vorpal mace
Missiles
 j - 106 arrows
 s - 6 javelins (quivered)
Armour
 b - a +0 scale mail (melded)
 c - a +0 kite shield
 n - a +0 cloak (melded)
 q - a +0 tower shield (worn)
 v - a +0 pair of boots (melded)
Jewellery
 i - a ring of protection from fire (left branch)
 u - a ring of flight (right branch)
Wands
 y - a wand of flame (3)
Scrolls
 k - 2 scrolls of amnesia
 o - a scroll of fog
 w - a scroll of blinking
 x - a scroll of magic mapping
 z - a scroll of immolation
Potions
 d - a potion of might
 f - a potion of flight
 g - a potion of attraction {unknown}
 r - a potion of degeneration


   Skills:
 + Level 6.0 Fighting
 - Level 2.1(3.9) Short Blades
 + Level 5.6(5.9) Long Blades
 + Level 3.5 Axes
 + Level 7.0 Armour
 + Level 2.0 Dodging
 + Level 1.6 Stealth
 + Level 5.7 Shields


You had 7 spell levels left.
You didn't know any spells.
Your spell library contained the following spells:

 Spells                   Type           Power      Damage    Failure   Level
 Corona                   Hex            0%         N/A       100%        1
 Foxfire                  Conj/Fire      0%         2x1d4     100%        1
 Magic Dart               Conj           0%         1d3       100%        1
 Searing Ray              Conj           0%         3d3       100%        2
 Slow                     Hex            0%         N/A       100%        2
 Conjure Flame            Conj/Fire      0%         6-21      100%        3
 Dazzling Flash           Conj/Hex       0%         N/A       100%        3
 Inner Flame              Hex/Fire       0%         N/A       100%        3
 Portal Projectile        Hex/Tloc       0%         N/A       100%        3
 Cause Fear               Hex            0%         N/A       100%        4
 Fulminant Prism          Conj/Hex       0%         3d6       100%        4
 Iskenderun's Mystic Bla  Conj/Tloc      0%         2d3       100%        4
 Leda's Liquefaction      Hex/Erth       0%         N/A       100%        4
 Sticky Flame             Conj/Fire      0%         2d3       100%        4
 Fireball                 Conj/Fire      0%         3d3       100%        5


Dungeon Overview and Level Annotations

Branches:
Dungeon (6/15)
 Temple: D:4-7

Altars:
Ashenzari
Cheibriados
Elyvilon
Xom


Innate Abilities, Weirdness & Mutations

You are a tree.
Your roots penetrate the ground, keeping you stationary.
You cannot be teleported.
You are immune to unholy pain and torment.
Your maximum health is greatly increased.
Your equipment is partially melded.
((You have a pair of horns on your head.))
((You reflexively headbutt those who attack you in melee.))


Message History

You feel very sick.
A hound comes into view.
You block the orc's attack. Something hits you.
You are more poisoned.
You block the orc's attack. x2
Your Fighting skill increases to level 6!
You slash the orc!
You kill the orc!
* * * LOW HITPOINT WARNING * * *
You feel extremely sick. Something hits you but does no damage.
You are lethally poisoned!
You block the orc's attack. The orc hits you but does no damage.
Something hits you but does no damage.
You are more poisoned.
A centaur comes into view.
Your Dodging skill increases to level 2!
You feel yourself speed up.
* * * LOW HITPOINT WARNING * * *
You feel extremely sick. Something hits you but does no damage.
You are more poisoned.
The orc hits you but does no damage.
It was a potion of degeneration.
There was something very wrong with that liquid.
You feel weakened.
You feel dopey.
You feel clumsy.
* * * LOW HITPOINT WARNING * * *
You feel extremely sick. Something hits you.
* * * LOW HITPOINT WARNING * * *
You are more poisoned.
The orc hits you but does no damage.
Okay, then.
Sorry, you're not good enough to have a special ability.
It was a potion of lignification.
You turn into a tree.
Your +0 cloak melds into your body.
Your +0 pair of boots melds into your body.
Your +0 scale mail melds into your body.
Your roots penetrate the ground.
You die...

##.##.....##
...........
##..........
........... o
#.......c.. ..
#.......... . ..
#.)........
#.##.###.o♣h......
#........){.......
...##.†.........
#.##..#########
#.....# ####..#
### ######..# #.#
.........# #.#
########.# #.#


You could see a centaur, a hound and an orc.

Vanquished Creatures
  2 water moccasins
  2 sky beasts
  2 ogres (D:4)
  A necrophage (D:5)
  Blork the orc (D:4)
  A bullfrog (D:6)
  A water moccasin skeleton (D:4)
  A hound (D:4)
  A bullfrog zombie (D:5)
  A jelly (D:5)
  A centaur zombie (D:6)
  An orc priest (D:6)
  4 iguanas
  A mummy (D:5)
  3 gnolls (D:4)
  5 adders
  A white imp (D:6)
  An ufetubus (D:4)
  A dart slug (D:1)
  2 orcs
  6 endoplasms
  11 giant cockroaches (D:2)
  4 goblins
  4 hobgoblins
  8 jackals
  7 quokkas
  6 ball pythons
  4 bats
  4 frilled lizards
  4 kobolds
  6 rats
97 creatures vanquished.

Vanquished Creatures (others)
  6 plants (D:1)
6 creatures vanquished.

Grand Total: 103 creatures vanquished

Notes
Turn   | Place    | Note
-------+----------+-------------------------------------------
     0 | D:1      | HagarQim the Minotaur Fighter began the quest for the Orb.
     0 | D:1      | Reached XP level 1. HP: 19/19 MP: 0/0
    83 | D:1      | Reached skill level 4 in Armour
   141 | D:1      | Reached XP level 2. HP: 27/27 MP: 1/1
   294 | D:1      | Found a faded altar of an unknown god.
  1093 | D:1      | Reached XP level 3. HP: 31/33 MP: 2/2
  1493 | D:2      | Reached XP level 4. HP: 30/40 MP: 3/3
  2376 | D:3      | Reached skill level 5 in Armour
  2487 | D:4      | Noticed Blork the orc
  2506 | D:4      | Killed Blork the orc
  2507 | D:4      | Reached skill level 1 in Short Blades
  2507 | D:4      | Reached skill level 1 in Dodging
  2507 | D:4      | Reached XP level 5. HP: 25/46 MP: 4/4
  2646 | D:4      | Noticed an ogre
  2651 | D:4      | Killed an ogre
  2652 | D:4      | Reached XP level 6. HP: 51/52 MP: 5/5
  2801 | D:4      | Reached skill level 1 in Long Blades
  2801 | D:4      | Reached skill level 1 in Stealth
  2966 | D:4      | Reached skill level 5 in Shields
  3131 | D:4      | Found a shimmering altar of Xom.
  3348 | D:5      | Entered Level 5 of the Dungeon
  3360 | D:5      | Reached XP level 7. HP: 48/60 MP: 6/6
  3486 | D:5      | Found a broken altar of Ashenzari.
  3532 | D:5      | Reached skill level 5 in Fighting
  3532 | D:5      | Reached skill level 6 in Armour
  3542 | D:5      | HP: 3/61 [poisoned by a water moccasin]
  4087 | D:5      | Found a snail-covered altar of Cheibriados.
  4301 | D:5      | Found a white marble altar of Elyvilon.
  4764 | D:6      | Reached skill level 5 in Long Blades
  4773 | D:6      | Reached XP level 8. HP: 29/70 MP: 7/7
  5170 | D:6      | Reached skill level 7 in Armour
  5182 | D:6      | HP: 1/70 [something (3)]
  5183 | D:6      | Succumbed to an orc wizard's poison

Illustrated notes

Levels and vault maps discovered:
D:1:      roderic_crop_circles_arrival_small, layout_basic,
          shapermc_ecumenical_altar_gd, hex_large
D:2:      minmay_roachtagon, layout_rooms, chequers_serial_rivers_marsh,
          chequers_serial_rivers_small_a
D:3:      layout_loops_ring, kennysheep_cross_room
D:4:      layout_cave_pools, kennysheep_little_box, feat_on_display,
          uniq_blork_the_orc
D:5:      layout_gridville, ashenzari_altar_1, kennysheep_mini, slow_altar_1,
          minmay_misc_feat_tower, serial_bayou_pond_c
D:6:      minmay_cornered_nines, layout_basic, old_standard_altar,
          minmay_temple_entry_proselytizer, chequers_serial_rivers_small_a

Skill      XL: |  1  2  3  4  5  6  7  8 |
---------------+-------------------------+-----
Armour         | 4 5 6 7 |  7.0
Shields        | 4 5 |  5.7
Axes           | 3 |  3.5
Fighting       | 4 5 6 |  6.0
Short Blades   | 1 2 |  2.1
Dodging        | 1 2 |  2.0
Long Blades    | 3 5 |  5.6
Stealth        | 1 |  1.6

Action                   |  1- 3 |  4- 6 |  7- 9 || total
-------------------------+-------+-------+-------++-------
Melee: War axe           |    67 |       |       ||    67
       Headbutt          |    15 |    17 |    13 ||    45
       Dagger            |    44 |    41 |       ||    85
       Scimitar          |       |    47 |    73 ||   120
  Use: Scroll            |       |     7 |     1 ||     8
       Potion            |       |     1 |     5 ||     6
Armor: Scale mail        |    72 |    28 |    42 ||   142
Dodge: Dodged            |    40 |    28 |    11 ||    79
Block: Kite shield       |    69 |    32 |       ||   101
       Tower shield      |       |     7 |    56 ||    63
       Rpst.: Scimitar   |       |     7 |     4 ||    11

Table legend: (Time is in decaauts)
 A = Elapsed time spent in this place.
 B = Non-inter-level travel time spent in this place.
 C = Inter-level travel time spent in this place.
 D = Time resting spent in this place.
 E = Time spent auto-exploring this place.
 F = Levels seen in this place.
 G = Mean time per level.
                   A        B        C        D        E       F      G
               +--------+--------+--------+--------+--------+-----+--------+
         Total |   5288 |   5112 |    176 |   1623 |   2674 |   6 |  881.3 |
       Dungeon |   5288 |   5112 |    176 |   1623 |   2674 |   6 |  881.3 |
               +--------+--------+--------+--------+--------+-----+--------+

Top non-repeatable levels by time:
     D:5: 1413 daAuts
     D:1: 1238 daAuts
     D:4: 868 daAuts
     D:3: 654 daAuts
     D:2: 646 daAuts
     D:6: 467 daAuts
